 Dungeon Crawl Stone Soup version 0.29-a0-892-g2c4c91d9db (webtiles) character file.

Game seed: 4380502322503686828

155604 mandarbmax the Severer (level 17, -15/159 HPs)
             Began as a Naga Artificer on July 22, 2022.
             Was the Champion of Kikubaaqudgha.
             Blown up by a sun moth (28 damage)
             ... with a bolt of energy
             ... on level 3 of the Spider Nest on July 23, 2022.
             The game lasted 01:55:47 (38027 turns).

mandarbmax the Severer (Naga Artificer)            Turns: 38027, Time: 01:55:48

Health: -15/159    AC: 20    Str: 16    XL:     17   Next: 65%
Magic:  1/45       EV: 12    Int: 25    God:    Kikubaaqudgha [******]
Gold:   1810       SH:  0    Dex: 21    Spells: 15/46 levels left

rFire   . . .      SeeInvis +   x - +7 battleaxe of Makhleb {spect, MP+9 Dex+4}
rCold   . . .      Faith    .   (shield currently unavailable)
rNeg    . . .      Spirit   .   i - +4 ring mail
rPois   +          Reflect  .   a - +2 helmet
rElec   .          Harm     .   v - scarf {shadows}
rCorr   .          Rampage  .   K - +2 pair of gloves
Will    ++...                   (no barding)
Stlth   ++........              L - amulet of magic regeneration
HPRegen 0.36/turn               l - +6 ring of dexterity
MPRegen 0.69/turn               m - +6 ring of intelligence

@: death channelling, animating dead, studying Short Blades, very slow
A: AC +5, large, see invisible, deformed body, poison resistance, slowness 2,
spit poison 1, naga tail 2, screaming 1
a: Spit Poison, Renounce Religion, Unearth Wretches, Torment, Brand Weapon With
Pain, Receive Forbidden Knowledge


You were on level 3 of the Spider Nest.
You worshipped Kikubaaqudgha.
Kikubaaqudgha was exalted by your worship.
You visited 5 branches of the dungeon, and saw 26 of its levels.
You also visited: Bailey and Ice Cave.

You collected 3786 gold pieces.
You spent 1976 gold pieces at shops.

Inventory:

Hand Weapons
 x - the +7 battleaxe of Makhleb (weapon) {spect, MP+9 Dex+4}
   (You found it on level 3 of the Dungeon)

   When its wielder attacks, the weapon's spirit leaps out and strikes again.
   The spirit shares a part of any damage it takes with its wielder.
   Dex:       It affects your dexterity (+4).
   MP:        It affects your magic capacity (+9).
Missiles
 u - 2 throwing nets
Armour
 a - a +2 helmet (worn)
 f - the +4 gold dragon scales "Caricuto" {Harm rPois rF+ rC+ Regen+ rCorr Stlth-}
   (You found it in a bailey)

   rF:        It protects you from fire.
   rC:        It protects you from cold.
   rPois:     It protects you from poison.
   Regen:     It increases your rate of health regeneration.
   rCorr:     It protects you from acid and corrosion.
   Harm:      It increases damage dealt and taken.
   Stlth:     It makes you less stealthy.
 i - a +4 ring mail (worn)
 v - a scarf of shadows (worn)
 K - a +2 pair of gloves (worn)
Jewellery
 l - a +6 ring of dexterity (left hand)
 m - a +6 ring of intelligence (right hand)
 n - a ring of willpower
 r - a ring of ice
 y - a ring of positive energy
 A - a ring of fire
 H - a ring of protection from cold
 J - a +4 ring of protection
 L - an amulet of magic regeneration (around neck)
 N - a ring of resist corrosion
Wands
 d - a wand of charming (13)
 D - a wand of light (7)
 W - a wand of mindburst (7)
Scrolls
 b - 9 scrolls of teleportation
 g - 5 scrolls of immolation
 h - a scroll of enchant armour
 j - 8 scrolls of blinking
 k - a scroll of silence
 s - 2 scrolls of enchant weapon
 w - 7 scrolls of poison
 C - 3 scrolls of magic mapping
 E - 6 scrolls of amnesia
 F - 2 scrolls of brand weapon
 G - 5 scrolls of vulnerability
 I - 3 scrolls of fear
 M - 2 scrolls of torment
Potions
 e - 2 potions of heal wounds
 o - 8 potions of cancellation
 p - 2 potions of attraction
 q - 2 potions of lignification
 t - 6 potions of curing
 z - 9 potions of flight
 B - a potion of might
 O - 4 potions of brilliance
 Q - a potion of resistance
 R - 2 potions of mutation
 T - a potion of magic
 U - 2 potions of invisibility
 V - 2 potions of haste
 Y - a potion of berserk rage
Miscellaneous
 c - a lightning rod (4/4)
 P - a condenser vane
 X - a phantom mirror
 Z - a phial of floods


   Skills:
 - Level 12.0 Fighting
 - Level 17.1 Axes
 + Level 8.1 Armour
 - Level 6.0 Dodging
 - Level 1.5 Stealth
 - Level 15.2 Spellcasting
 + Level 6.2 Summonings
 + Level 13.4 Necromancy
 - Level 7.0 Ice Magic
 - Level 10.0 Evocations


You had 15 spell levels left.
You knew the following spells:

 Your Spells              Type           Power      Damage    Failure   Level
a - Death Channel         Necr           36%        N/A       3%          6
b - Simulacrum            Ice/Necr       31%        N/A       11%         6
c - Infestation           Necr           36%        N/A       77%         8
d - Haunt                 Necr/Summ      31%        N/A       58%         7
e - Animate Dead          Necr           72%        N/A       1%          4

Your spell library contained the following spells:

 Spells                   Type           Power      Damage    Failure   Level
 Freeze                   Ice            100%       1d11      1%          1
 Necrotise                Necr           100%       1d9       1%          1
 Summon Small Mammal      Summ           100%       N/A       1%          1
 Ensorcelled Hibernation  Hex/Ice        72%        N/A       1%          2
 Sublimation of Blood     Necr           72%        N/A       1%          2
 Call Canine Familiar     Summ           50%        N/A       1%          3
 Frozen Ramparts          Ice            100%       1d12      1%          3
 Vampiric Draining        Necr           72%        2d11      1%          3
 Dispel Undead            Necr           72%        3d24      1%          4
 Agony                    Necr           72%        N/A       1%          5
 Anguish                  Hex/Necr       25%        N/A       3%          4
 Sandblast                Erth           38%        2d10      4%          1
 Summon Guardian Golem    Hex/Summ       34%        N/A       4%          3
 Passwall                 Tmut/Erth      15%        N/A       8%          2
 Corpse Rot               Necr/Pois/Air  41%        N/A       8%          4
 Borgnjor's Vile Clutch   Necr/Erth      25%        N/A       9%          5
 Hailstorm                Conj/Ice       36%        3d9       12%         4
 Gell's Gravitas          Tloc           19%        N/A       14%         3
 Inner Flame              Hex/Fire       19%        N/A       14%         3
 Lesser Beckoning         Tloc           19%        N/A       14%         3
 Spider Form              Tmut/Pois      19%        N/A       14%         3
 Stone Arrow              Conj/Erth      38%        3d9       14%         3
 Teleport Other           Tloc           19%        N/A       14%         3
 Animate Armour           Summ/Erth      68%        N/A       14%         4
 Cause Fear               Hex            9%         N/A       43%         4
 Passage of Golubria      Tloc           19%        N/A       43%         4
 Borgnjor's Revivificati  Necr           36%        N/A       77%         8
 Alistair's Intoxication  Tmut/Pois      12%        N/A       80%         5
 Fireball                 Conj/Fire      9%         3d6       80%         5
 Iskenderun's Battlesphe  Conj           19%        2d7       80%         5
 Lee's Rapid Deconstruct  Erth           9%         3d8*      80%         5
 Silence                  Hex/Air        9%         N/A       80%         5
 Conjure Ball Lightning   Conj/Air       9%         3x3d6     100%        6
 Eringya's Noxious Bog    Tmut/Pois      9%         N/A       100%        6
 Statue Form              Tmut/Erth      12%        N/A       100%        6
 Enfeeble                 Hex            9%         N/A       100%        7
 Orb of Destruction       Conj           9%         9d6       100%        7
 Discord                  Hex            9%         N/A       100%        8
 Lehudib's Crystal Spear  Conj/Erth      9%         10d4      100%        8
 Necromutation            Tmut/Necr      25%        N/A       100%        8
 Death's Door             Necr           36%        N/A       100%        9


Dungeon Overview and Level Annotations

Branches:
Dungeon (15/15)            Temple (1/1) D:5            Lair (5/5) D:9
 Shoals (0/4) Lair:3       Spider (3/4) Lair:3        Slime (0/5) Lair:5
    Orc (2/2) D:12            Elf (0/3) Orc:2        Vaults (0/5) D:13
 Depths (0/4) D:15         Bailey (visited)           IceCv (visited)

Altars:
Elyvilon
Gozag
Kikubaaqudgha
Nemelex Xobeh
Okawaru
Ru
Uskayaw
Vehumet
The Shining One
Jiyva

Shops:
D:4 ?   D:7 :   D:9 [[=   D:12 (   D:14 :   Orc:2 (*=*

Annotations:
D:12 2 transporters, exclusion: 2 statues, seaofthunder's ghost, journeyman HOFi


Innate Abilities, Weirdness & Mutations

Your serpentine skin is tough. (AC +5)
You have supernaturally acute eyesight. (SInv)
Armour fits poorly on your strangely shaped body.
Your system is resistant to poisons. (rPois)
You cover ground very slowly.
You can spit poison.
You can use your snake-like lower body to constrict enemies.
You occasionally shout uncontrollably at your foes.


Message History

Your jumping spider zombie pounces on the radroach but does no damage.
Your jumping spider zombie bites the radroach.
Your redback zombie bites the sun moth!
Your jumping spider zombie pounces on the sun moth but does no damage.
Your jumping spider zombie bites the sun moth but does no damage.
The sun moth throws energy at you.
The bolt of energy hits your jumping spider zombie!!
Your jumping spider zombie is blown up!
The bolt of energy hits your emperor scorpion simulacrum!!
The bolt of energy hits you!!
* * * LOW HITPOINT WARNING * * *
Your redback zombie is engulfed in freezing vapours.
Your redback zombie bites the wolf spider.
Your redback zombie bites the wolf spider but does no damage.
Your jumping spider simulacrum pounces on the sun moth!
Your jumping spider simulacrum freezes the sun moth!
Your jumping spider simulacrum misses the sun moth.
Your tarantella zombie tears the web.
Your redback zombie closely misses the sun moth.
Your redback zombie bites the wolf spider!
Your culicivora zombie bites the wolf spider.
The wolf spider dies!
Kikubaaqudgha accepts your kill.
Your tarantella zombie hits the jumping spider!
The jumping spider pounces on your tarantella zombie!
The jumping spider bites your tarantella zombie but does no damage.
Your jumping spider zombie pounces on the radroach!
Your jumping spider zombie bites the radroach but does no damage.
Your redback zombie bites the sun moth.
The radroach bites your jumping spider zombie!
The radroach barely misses your jumping spider zombie.
Your redback zombie is engulfed in freezing vapours.
Your redback zombie misses the jumping spider.
Your redback zombie completely misses the jumping spider.
The sun moth throws energy at you.
The bolt of energy hits your emperor scorpion simulacrum!!
Your emperor scorpion simulacrum vaporises!
The bolt of energy hits you!!
You die...
Kikubaaqudgha rasps: "You have failed me!
Welcome... death!" s. ..... .. .. ....#. .^# ..#..>.... .ZZB

..ZZ......#
..Zs##ZZy°.....(
..ZZZ...Z......
...ZZ.Z○.Z#=.######
.....s@Z........^..
.....Z.Z...........
..................
.#..##^..†....^...
#.^..#.).#...#...
#....###^#^..#
..$.. ..#<..# ...^
...##### .....


You could see a sun moth (ally target), a radroach (distracted, ally target), 2
jumping spiders, a friendly jumping spider simulacrum, 2 friendly tarantella
simulacra, a friendly redback simulacrum, a friendly radroach simulacrum, a
friendly jumping spider zombie, 2 friendly tarantella zombies, 8 friendly
redback zombies, the friendly Donald the human zombie and a friendly culicivora
zombie.

Vanquished Creatures
  Jorgrun (D:12)
  Gastronok (D:11)
  Kirke (Lair:3)
  Roxanne (D:14)
  2 emperor scorpions (Spider:3)
  An orc warlord (Orc:1)
  A dire elephant (D:15)
  Snorg (D:11)
  An ettin (D:13)
  3 vault guards (D:13)
  2 boulder beetles
  4 hydras
  2 radroaches
  3 death knights
  3 catoblepae
  4 centaur warriors
  4 tengu warriors
  7 death yaks (Lair:5)
  7 two-headed ogres
  3 orc high priests (Orc:2)
  The ghost of BerderTester the Eclecticist, a journeyman DECj of Vehumet (D:9)
  2 pharaoh ants
  An orb spider (Spider:2)
  2 skeletal warriors
  5 orc knights
  A swamp dragon (shapeshifter) (D:14)
  2 phantasmal warriors (D:13)
  3 deep elf pyromancers
  8 wolf spiders
  11 ugly things
  7 cyclopes
  A cyclops (shapeshifter) (D:14)
  A salamander (D:15)
  2 orc sorcerers
  4 elephants (Lair:2)
  4 manticores
  A black mamba (shapeshifter) (D:13)
  3 ice statues (IceCv)
  A gargoyle (D:8)
  10 cane toads
  Maggie (D:10)
  5 black mambas
  3 unseen horrors
  An efreet (D:15)
  A demonic crawler (Spider:2)
  3 rime drakes (Lair:4)
  2 entropy weaver simulacra (IceCv)
  6 komodo dragons
  An anaconda simulacrum (IceCv)
  A meliai (D:15)
  5 polar bears
  4 tarantellas (Spider:1)
  5 trolls
  Prince Ribbit (D:7)
  A tarantella (shapeshifter) (D:14)
  11 slime creatures
  4 dream sheep (Lair:5)
  3 blink frogs (Lair:1)
  A snapping turtle (Lair:3)
  2 centaur simulacra
  11 jumping spiders
  A culicivora (shapeshifter) (D:13)
  43 yaks
  7 wyverns
  2 fire elementals (D:13)
  3 wraiths
  Eustachio (D:4)
  3 basilisks
  7 redbacks
  A hog (Lair:3)
  2 steam dragons
  2 death yak simulacra (IceCv)
  A harpy simulacrum (IceCv)
  6 vampire mosquitoes
  5 acid dragons
  10 water moccasins
  A floating eye (shapeshifter) (D:15)
  3 black bears
  25 orc warriors
  5 centaurs
  2 ogres
  A boggart (D:15)
  13 wolves
  A kobold brigand (D:7)
  Blork the orc (D:5)
  11 bullfrogs
  2 cane toad simulacra (Orc:2)
  4 scorpions
  2 gnoll sergeants (D:6)
  2 necrophages (D:6)
  5 wights (D:8)
  2 elephant simulacra
  27 killer bees
  A howler monkey (D:5)
  4 electric eels
  5 hounds
  6 jellies
  7 orc priests
  Terence (D:2)
  15 orc wizards
  An iguana (D:7)
  9 hell rats
  2 polar bear simulacra
  A troll simulacrum (Orc:2)
  2 wolf simulacra
  A boggart simulacrum (D:14)
  14 gnolls
  A naga simulacrum (Orc:2)
  3 adders
  A white imp (D:5)
  An ufetubus (D:5)
  2 dart slugs
  64 orcs
  6 bats
  5 endoplasms
  5 giant cockroaches
  11 goblins
  8 hobgoblins
  6 jackals
  4 quokkas
  6 ball pythons
  7 frilled lizards
  8 kobolds
  7 rats
609 creatures vanquished.

Vanquished Creatures (collateral kills)
  Donald (Spider:3)
  A fire giant (D:13)
  A frost giant (D:13)
  An emperor scorpion (Spider:1)
  A broodmother (Spider:1)
  An entropy weaver (Spider:1)
  Azrael (D:13)
  A deep elf high priest (D:13)
  A rakshasa (D:13)
  2 boulder beetles (D:13)
  A vault guard (D:13)
  2 hydras
  A radroach (Spider:1)
  3 catoblepae
  10 centaur warriors
  An ogre mage (D:13)
  3 death knights (D:14)
  A death yak (Lair:5)
  A tengu warrior (D:13)
  A sun moth (Spider:3)
  A skeletal warrior (D:13)
  3 pharaoh ants
  2 steelbarb worms (Spider:1)
  A flayed ghost (D:13)
  5 orb spiders
  2 orc knights
  3 deep elf pyromancers (D:13)
  3 orc sorcerers
  3 wolf spiders
  A wolf spider zombie (Spider:1)
  3 manticores
  8 ugly things
  3 cyclopes (D:13)
  8 slime creatures
  A cyclops (shapeshifter) (D:15)
  5 demonic crawlers
  3 kobold demonologists (D:13)
  A yaktaur (D:13)
  A tengu conjurer (D:13)
  5 trolls (D:13)
  3 meliai
  20 tarantellas
  A sun moth zombie (Spider:3)
  5 dream sheep
  A jumping spider zombie (Spider:1)
  21 jumping spiders
  A culicivora (shapeshifter) (D:13)
  6 culicivoras
  2 wraiths (D:13)
  A spriggan (shapeshifter) (D:13)
  2 vampires (D:13)
  A basilisk (D:15)
  11 yaks
  A fire elemental (D:13)
  27 redbacks
  2 vampire mosquitoes (D:15)
  A warg (Orc:1)
  A hell hound (D:13)
  2 water moccasins (Lair:5)
  An ice beast (shapeshifter) (D:13)
  An orc warrior (Bailey)
  2 boggarts (D:15)
  2 centaurs (D:14)
  A kobold brigand (D:13)
  2 howler monkeys
  A jelly (D:9)
  An orc priest (Orc:2)
  2 orc wizards
  A polar bear simulacrum (Orc:2)
  A hell rat (Lair:4)
  Robin (D:2)
  10 orcs
  2 goblins (D:2)
  2 kobolds (D:13)
236 creatures vanquished.

Vanquished Creatures (others)
  2 redback zombies
  3 tarantella zombies
  2 jumping spider zombies (Spider:3)
  3 humans (Lair:3)
  An orc wizard (Orc:2)
  31 fungi
  56 plants
98 creatures vanquished.

Grand Total: 943 creatures vanquished

Notes
Turn   | Place    | Note
-------+----------+-------------------------------------------
     0 | D:1      | mandarbmax the Naga Artificer began the quest for the Orb.
     0 | D:1      | Reached XP level 1. HP: 18/18 MP: 1/1
    42 | D:1      | Reached skill level 1 in Dodging
   151 | D:1      | Reached XP level 2. HP: 19/25 MP: 2/2
   698 | D:1      | Found a faded altar of an unknown god.
   732 | D:1      | Reached XP level 3. HP: 23/32 MP: 3/3
  1365 | D:2      | Reached XP level 4. HP: 43/44 MP: 4/4
  1520 | D:2      | Noticed Robin
  1521 | D:2      | Noticed Terence
  1548 | D:2      | Killed Robin
  1575 | D:2      | Killed Terence
  1576 | D:2      | Reached XP level 5. HP: 28/50 MP: 5/5
  1983 | D:3      | Identified the +7 battleaxe of Makhleb {spect, MP+9 Dex+4}
  2339 | D:4      | Noticed Eustachio
  2346 | D:4      | Killed Eustachio
  2347 | D:4      | Reached skill level 3 in Axes
  2347 | D:4      | Reached XP level 6. HP: 57/57 MP: 6/6
  2533 | D:4      | Found Taoff's Magic Scroll Shop.
  2539 | D:4      | Bought a scroll of blinking for 105 gold pieces
  2551 | D:4      | Reached skill level 4 in Axes
  2943 | D:5      | Entered Level 5 of the Dungeon
  2943 | D:5      | Noticed Blork the orc
  2946 | D:5      | Killed Blork the orc
  2947 | D:5      | Reached XP level 7. HP: 59/64 MP: 7/7
  2951 | D:5      | Reached skill level 5 in Axes
  3108 | D:5      | Reached skill level 6 in Axes
  3265 | D:5      | Found a staircase to the Ecumenical Temple.
  3287 | Temple   | Entered the Ecumenical Temple
  3400 | Temple   | Became a worshipper of Kikubaaqudgha
  3484 | D:5      | Reached XP level 8. HP: 71/73 MP: 8/8
  3933 | D:6      | Reached skill level 5 in Fighting
  3993 | D:6      | Reached skill level 7 in Axes
  4099 | D:6      | Found a transporter.
  4105 | D:6      | Found a transporter.
  4407 | D:6      | Reached * piety under Kikubaaqudgha
  4407 | D:6      | Received a gift from Kikubaaqudgha
  4896 | D:6      | Reached skill level 8 in Axes
  5179 | D:4      | Bought a scroll of enchant armour for 105 gold pieces
  5179 | D:4      | Bought a scroll of fear for 56 gold pieces
  5416 | D:7      | Reached XP level 9. HP: 85/85 MP: 9/9
  5460 | D:7      | Reached skill level 5 in Evocations
  5811 | D:7      | Found Laasemir's Self-Improvement Boutique.
  6134 | D:7      | Noticed Prince Ribbit
  6138 | D:7      | Killed Prince Ribbit
  6428 | D:8      | Found a glowing golden altar of the Shining One.
  6430 | D:8      | Found a sparkling altar of Nemelex Xobeh.
  6430 | D:8      | Found a sacrificial altar of Ru.
  6433 | D:8      | Found a hide-covered altar of Uskayaw.
  6476 | D:8      | Reached ** piety under Kikubaaqudgha
  6661 | D:8      | Noticed a two-headed ogre
  6669 | D:8      | Killed a two-headed ogre
  6670 | D:8      | Reached skill level 10 in Axes
  6670 | D:8      | Reached XP level 10. HP: 35/96 MP: 10/10
  7299 | D:8      | Noticed a gargoyle
  7316 | D:8      | Killed a gargoyle
  7667 | D:9      | Found Wonotwi's Armour Shop.
  7694 | D:9      | Found a staircase to the Lair.
  7803 | D:9      | Found a flagged portal.
  7812 | Bailey   | Entered a bailey
  7880 | Bailey   | Noticed an orc knight
  7900 | Bailey   | Identified the +4 gold dragon scales "Caricuto" {Harm rPois
                  | rF+ rC+ Regen+ rCorr Stlth-}
  7943 | Bailey   | Reached skill level 5 in Dodging
  8293 | Bailey   | Killed an orc knight
  8614 | Bailey   | Identified the +4 pair of boots of Magic {Int+6}
  8832 | D:9      | Found Toilyryi's Jewellery Emporium.
  8870 | D:9      | Found a runed translucent gate.
  8870 | D:9      | Found a runed translucent gate.
  8870 | D:9      | Found a runed translucent gate.
  8871 | D:9      | Found a viscous altar of Jiyva.
  8871 | D:9      | Noticed BerderTester's ghost (journeyman DECj)
  8952 | D:9      | Found Viyru's Antique Armour Emporium.
  8999 | D:9      | Reached *** piety under Kikubaaqudgha
  8999 | D:9      | Received a gift from Kikubaaqudgha
  9009 | D:9      | Learned a level 6 spell: Death Channel
  9159 | D:9      | Reached XP level 11. HP: 66/103 MP: 11/11
  9329 | D:9      | Found an iron altar of Okawaru.
  9353 | D:9      | Reached skill level 5 in Armour
  9524 | Lair:1   | Entered Level 1 of the Lair of Beasts
 10089 | Lair:1   | Reached skill level 1 in Necromancy
 10280 | Lair:1   | Noticed a boulder beetle
 10290 | Lair:1   | Killed a boulder beetle
 10675 | Lair:2   | Reached skill level 5 in Necromancy
 11096 | Lair:2   | Reached XP level 12. HP: 70/110 MP: 12/12
 11396 | Lair:2   | Identified a scroll of acquirement
 11403 | Lair:2   | Acquired 926 gold pieces
 11544 | D:7      | Bought a manual of Axes for 800 gold pieces
 11665 | D:4      | Bought a scroll of teleportation for 42 gold pieces
 11665 | D:4      | Bought a scroll of teleportation for 42 gold pieces
 11951 | Lair:2   | Reached skill level 10 in Necromancy
 12175 | Lair:3   | Found a hole to the Spider Nest.
 12215 | Lair:3   | Reached **** piety under Kikubaaqudgha
 12221 | Lair:3   | Reached skill level 11 in Axes
 12259 | Lair:3   | Noticed Kirke
 12281 | Lair:3   | Killed Kirke
 12282 | Lair:3   | Reached skill level 12 in Axes
 12301 | Lair:3   | Reached skill level 13 in Axes
 13235 | Lair:3   | Found a staircase to the Shoals.
 13479 | Lair:4   | Reached skill level 14 in Axes
 13904 | Lair:4   | Reached skill level 15 in Axes
 13916 | Lair:4   | Gained mutation: You can use your snake-like lower body to
                  | constrict enemies. [Naga growth]
 13916 | Lair:4   | Reached XP level 13. HP: 56/117 MP: 13/13
 13924 | Lair:4   | Reached skill level 16 in Axes
 14955 | Lair:5   | Entered Level 5 of the Lair of Beasts
 14985 | Lair:5   | Reached ***** piety under Kikubaaqudgha
 15079 | Lair:5   | Found a staircase to the Slime Pits.
 15079 | Lair:5   | Found a viscous altar of Jiyva.
 15100 | Lair:5   | Reached skill level 17 in Axes
 15396 | Lair:5   | Reached skill level 1 in Spellcasting
 16348 | Lair:5   | Reached skill level 10 in Fighting
 16385 | Lair:5   | Reached XP level 14. HP: 61/135 MP: 20/20
 16392 | Lair:5   | Learned a level 6 spell: Simulacrum
 17172 | D:10     | Entered Level 10 of the Dungeon
 17572 | D:10     | Noticed Maggie
 17580 | D:10     | Killed Maggie
 18389 | D:7      | Bought a manual of Spellcasting for 800 gold pieces
 19023 | D:11     | Reached skill level 1 in Ice Magic
 19321 | D:11     | Noticed Snorg
 19326 | D:11     | Killed Snorg
 19516 | D:11     | Noticed Gastronok
 19527 | D:11     | Killed Gastronok
 19528 | D:11     | Reached skill level 5 in Spellcasting
 19808 | D:12     | Found Fateusog's Weapon Emporium.
 19810 | D:12     | Found a staircase to the Orcish Mines.
 20855 | D:12     | Noticed Jorgrun
 20867 | D:12     | Killed Jorgrun
 21241 | D:12     | Noticed seaofthunder's ghost (journeyman HOFi)
 21247 | D:12     | Noticed a tengu reaver
 21259 | D:12     | Found a transporter.
 21262 | D:12     | Found a transporter.
 21281 | D:12     | Found Meuhoydd's Jewellery Boutique.
 21931 | Orc:1    | Entered Level 1 of the Orcish Mines
 22073 | Orc:1    | Found a radiant altar of Vehumet.
 22085 | Orc:1    | Noticed an orc warlord
 22100 | Orc:1    | Killed an orc warlord
 22636 | Orc:2    | Entered Level 2 of the Orcish Mines
 22660 | Orc:2    | Found a frozen archway.
 22684 | IceCv    | Entered an ice cave
 23252 | IceCv    | Reached skill level 5 in Ice Magic
 23918 | Orc:2    | Found a staircase to the Elven Halls.
 24081 | Orc:2    | Gained mutation: You occasionally shout uncontrollably at
                  | your foes. [mutagenic glow]
 24229 | Orc:2    | Reached XP level 15. HP: 115/141 MP: 22/27
 24425 | Orc:2    | Found Rohudd's Weapon Shoppe.
 24425 | Orc:2    | Found Gouc's Assorted Antiques.
 24427 | Orc:2    | Found Yjaurinu's Jewellery Shoppe.
 24427 | Orc:2    | Found Jaiwud's General Store.
 24497 | Orc:2    | Bought a metallic amethyst potion for 26 gold pieces
 24850 | D:13     | Reached ****** piety under Kikubaaqudgha
 25097 | D:13     | Identified the +11 arbalest "Plog" {venom, Str+4}
 25232 | D:9      | Killed BerderTester's ghost
 25544 | D:13     | Reached skill level 10 in Spellcasting
 25813 | D:13     | Noticed Azrael
 25821 | D:13     | Killed Azrael
 26015 | D:13     | You fall into a shaft and drop 1 floor!
 26888 | D:13     | Found a sparkling altar of Nemelex Xobeh.
 27122 | D:13     | Found a gate to the Vaults.
 27816 | D:13     | Reached XP level 16. HP: 82/151 MP: 6/32
 27836 | D:13     | Reached skill level 10 in Evocations
 28847 | D:14     | Identified Roxanne's Cyclopedia of the Boulder
 28847 | D:14     | Noticed Roxanne
 30701 | D:14     | Identified the +2 ring mail "Kiruapt" {rC+}
 31676 | D:14     | Found Zademmo's Book Shoppe.
 32389 | D:14     | Killed Roxanne
 32431 | D:15     | Entered Level 15 of the Dungeon
 33337 | D:15     | Reached skill level 15 in Spellcasting
 33373 | D:15     | Learned a level 8 spell: Infestation
 33381 | D:15     | Learned a level 7 spell: Haunt
 33915 | D:15     | Learned a level 4 spell: Animate Dead
 34065 | D:15     | Reached skill level 1 in Summonings
 34067 | D:15     | Found a staircase to the Depths.
 34576 | Spider:1 | Entered Level 1 of the Spider Nest
 34726 | Spider:1 | Reached XP level 17. HP: 157/159 MP: 22/36
 34958 | Spider:1 | Identified the +9 halberd "Ileom" {protect, Int+2}
 36105 | Spider:2 | Reached skill level 5 in Summonings
 37105 | Spider:2 | Identified the +0 leather armour "Vaacaxeo" {Str+3}
 38004 | Spider:3 | Noticed Donald
 38016 | Spider:3 | Killed Donald
 38027 | Spider:3 | Blown up by a sun moth

Illustrated notes

Levels and vault maps discovered:
D:1:      eino_arrival_water_star, layout_basic, shapermc_ecumenical_altar_venn,
          minmay_misc_feat_tiny, serial_bayou_lagoon_a, minmay_lizard_king
D:2:      layout_rooms, nicolae_eternal_life, minmay_quantized, uniq_robin,
          uniq_terence
D:3:      layout_rooms, serial_park_tiny_2
D:4:      layout_basic, serial_shops, shop, uniq_eustachio
D:5:      layout_rooms, minmay_temple_entry_statues_fountains,
          minmay_crystal_water, dk_rats_in_the_wall, uniq_blork_the_orc
D:6:      gammafunk_steamed_eel, layout_basic,
          eino_small_chamber_without_monster, nicolae_zen_rock_garden
D:7:      layout_gridville, kennysheep_crisscross, nicolae_shop_self_help,
          uniq_prince_ribbit1
D:8:      layout_basic, grunt_temple_overflow_open
D:9:      layout_irregular_city, overflow_temple_1_default, dpeg_oklobed_lair,
          serial_shops, nicolae_shop_waterfront, shop, shop,
          gammafunk_ghost_ooze, enter_bailey_1
D:10:     layout_cave_pods, uniq_maggie
D:11:     layout_cave_pods, minmay_puff, uniq_gastronok, uniq_snorg
D:12:     layout_long_grid, orc_david_3, serial_shops, nicolae_stop_n_shop_2,
          gammafunk_ghost_arena, minmay_dual_archer_statues, uniq_jorgrun
D:13:     minmay_nested_s, layout_basic, lightli_vaults_fourway_checkpoint,
          nemelex_spade_bored_becter, uniq_azrael
D:14:     cheibrodos_tormentor_scu, layout_loops_ring, serial_shops,
          shop_fountains, serial_co_window_serial, co_window_paths_a,
          co_window_paths_a, co_window_of_opportunity_a, co_window_paths_b,
          co_window_corner_a, co_window_of_opportunity_b, co_window_2corner,
          co_window_broadway_c, co_window_corner_b, co_window_corner_b,
          glass_columns_a, uniq_roxanne
D:15:     hangedman_depths_entry_try_elsewhere_first, layout_cave_pools,
          minivault_24
Temple:   minmay_crystal_spiral_temple
Lair:1:   layout_roguey
Lair:2:   layout_small_grid
Lair:3:   layout_loops_ring, minmay_shoals_entry_hut,
          spider_nest_entry_web_field, nicolae_lair_grove_arrangements,
          uniq_kirke
Lair:4:   layout_regular_city, infiniplex_staircase_pool_2, grunt_megastairs_5
Lair:5:   evilmike_catoblepas_cave, layout_cave_shapes, slime_entry_1,
          serial_bayou_shore_b
Spider:1: nicolae_spider_jumping_over_cracks [nicolae_spider_jumping_sub_plain,
          nicolae_spider_jumping_sub_plain, nicolae_spider_jumping_sub_shuffled,
          nicolae_spider_jumping_sub_no_exit]
Spider:2: layout_chambers, nicolae_spider_webbed_stairs
Spider:3: layout_spider_delve, uniq_donald
Orc:1:    layout_diamond_mine, basic_altar
Orc:2:    grunt_orc_tribal_feast, layout_diamond_mine, basic_altar,
          portal_ice_cave_entry_ice_simulacra

Skill      XL: |  1  2  3  4  5  6  7  8  9 10 11 12 13 14 15 16 17 |
---------------+----------------------------------------------------+-----
Dodging        | 1 6 |  6.0
Armour         | 2 4 6 8 |  8.1
Fighting       | 2 3 4 6 8 11 12 | 12.0
Evocations     | 4 6 7 9 10 | 10.0
Axes           | 3 4 6 8 10 15 17 | 17.1
Necromancy     | 8 10 11 12 13 | 13.4
Spellcasting   | 4 8 12 15 | 15.2
Ice Magic      | 5 7 |  7.0
Summonings     | 2 6 |  6.2
Stealth        | |  1.5

Action                   |  1- 3 |  4- 6 |  7- 9 | 10-12 | 13-15 | 16-18 || total
-------------------------+-------+-------+-------+-------+-------+-------++-------
Melee: Club              |    77 |       |       |       |       |       ||    77
       Spear             |       |    46 |       |       |       |       ||    46
       Battleaxe         |       |    18 |    98 |   246 |   428 |   177 ||   967
       Punch             |       |     1 |       |       |       |       ||     1
       Constrict         |       |       |       |       |   129 |    47 ||   176
 Cast: Death Channel     |       |       |       |     6 |    45 |    33 ||    84
       Simulacrum        |       |       |       |       |    43 |   141 ||   184
       Animate Dead      |       |       |       |       |       |    17 ||    17
Invok: Torment           |       |       |       |       |     1 |       ||     1
 Abil: Spit Poison       |    30 |    35 |    30 |    56 |    40 |     9 ||   200
Evoke: Wand              |     1 |     3 |     7 |    20 |    23 |     2 ||    56
       Piece from Xom's  |       |       |       |       |    12 |       ||    12
       Phial of floods   |       |       |       |       |     1 |       ||     1
       Condenser vane    |       |       |       |       |       |     2 ||     2
  Use: Scroll            |       |       |    13 |    18 |    15 |     1 ||    47
       Potion            |       |       |       |    13 |     2 |     4 ||    19
 Stab: Distracted        |       |       |       |     3 |    17 |     6 ||    26
       Sleeping          |       |       |       |       |     1 |     1 ||     2
       Petrified         |       |       |       |       |       |     2 ||     2
       Invisible         |       |       |       |       |       |     1 ||     1
Armor: Leather armour    |     5 |       |       |       |       |       ||     5
       Ring mail         |    43 |    29 |    66 |   144 |   208 |   168 ||   658
       Skin              |       |       |       |     2 |       |       ||     2
Dodge: Dodged            |    36 |    20 |    49 |   162 |   246 |   147 ||   660

Table legend: (Time is in decaauts)
 A = Elapsed time spent in this place.
 B = Non-inter-level travel time spent in this place.
 C = Inter-level travel time spent in this place.
 D = Time resting spent in this place.
 E = Time spent auto-exploring this place.
 F = Levels seen in this place.
 G = Mean time per level.
                   A        B        C        D        E       F      G
               +--------+--------+--------+--------+--------+-----+--------+
         Total |  45311 |  41996 |   3315 |   8909 |  27281 |  28 | 1618.2 |
       Dungeon |  28303 |  25701 |   2602 |   5417 |  16880 |  15 | 1886.9 |
        Temple |    138 |    121 |     17 |      0 |    115 |   1 |  138.0 |
          Lair |   8822 |   8331 |    491 |   1745 |   5640 |   5 | 1764.4 |
   Spider Nest |   4142 |   4043 |     99 |    338 |   3146 |   3 | 1380.7 |
  Orcish Mines |   1678 |   1574 |    104 |    171 |   1082 |   2 |  839.0 |
        Bailey |    994 |    994 |      0 |    261 |    416 |   1 |  994.0 |
      Ice Cave |   1231 |   1231 |      0 |    976 |      0 |   1 | 1231.0 |
               +--------+--------+--------+--------+--------+-----+--------+

Top non-repeatable levels by time:
    D:14: 4612 daAuts
    D:13: 3922 daAuts
    D:12: 3369 daAuts
Spider:2: 2776 daAuts
  Lair:5: 2356 daAuts
  Lair:4: 1837 daAuts
     D:6: 1824 daAuts
  Lair:2: 1734 daAuts
     D:8: 1714 daAuts
    D:15: 1691 daAuts
     D:7: 1660 daAuts
  Lair:1: 1560 daAuts
    D:10: 1547 daAuts
     D:9: 1532 daAuts
    D:11: 1529 daAuts
